 BcadrenCrawl: Boulder Brew version 0.04.2-15-ge27eb88979 (webtiles) character file.

Game seed: 6643364913233273242, levelgen mode: deterministic

3341 diana the Slinger (level 10, -7/68 HPs) Kobold Hunter. Began on May 15, 2021. Mangled by a harpy skeleton (8 damage) ... on level 3 of the Dungeon. The game lasted 00:11:49 (4449 turns).

diana the Slinger (Kobold Hunter)                   Turns: 4449, Time: 00:11:49

Health: -7/68      AC:  3    Str: 10    XL:     10 ^: 2986
Magic:  10/10      EV: 15    Int: 13    God:
Gold:   195        SH:  0    Dex: 18    Spells: 9/9 levels left

rFire    . . .     Vision   .   a - +1 hunting sling
rCold    . . .     Gourm    .   b - +0 short sword
rNeg     . . .     Faith    .   c - +0 leather armour
rPois    .         Spirit   .   (no helmet)
rElec    .         Reflect  .   (no cloak)
rCorr    .         Harm     .   (no gloves)
MR       .....                  (no boots)
Stlth    ++........             f - amulet of the acrobat
HPRegen  0.32/turn              n - ring of wizardry
MPRegen  0.20/turn              (no ring)

@: studying Earth Magic
A: small, carnivore
a: no special abilities


You were on level 3 of the Dungeon.
You were not hungry.

You visited 1 branch of the dungeon, and saw 3 of its levels.

You collected 195 gold pieces.

Inventory:

Weapons
 a - a +1 hunting sling (weapon)
 b - a +0 short sword (weapon)
Armour
 c - a +0 leather armour (worn)
Jewellery
 f - an amulet of the acrobat (around neck)
 n - a ring of wizardry (left hand)
Wands
 m - a wand of polymorph (1)
Scrolls
 g - 2 scrolls of blinking
 h - 2 scrolls of enchantment
 o - 3 scrolls of teleportation
Potions
 i - a potion of cancellation
 j - a potion of beneficial mutation
 k - 4 potions of curing
 r - a potion of invisibility
Comestibles
 d - 6 rations


   Skills:
 * Level 10.5 Fighting
 + Level 7.8 Short Blades
 - Level 12.0 Slings
 - Level 2.4 Dodging
 - Level 1.3 Stealth


You had 9 spell levels left.
You didn't know any spells.
Your spell library was empty.

Dungeon Overview and Level Annotations

Branches:
Dungeon (3/8)

Altars:

Annotations:
D:2 Purgy


Innate Abilities, Weirdness & Mutations

You are small and have problems with some larger weapons.
You are carnivorous and can eat meat at any time.


Message History

You are too injured to fight recklessly!
You hit the harpy skeleton (4).
The harpy skeleton is almost destroyed. (3/50) HP The harpy skeleton claws you (4).
* * * LOW HITPOINT WARNING * * *
The harpy skeleton claws you (6).
* * * LOW HITPOINT WARNING * * *
An orc comes into view.
Okay, then.
As you read the scroll of fear, it crumbles to dust.
You assume a fearsome visage.
The leopard gecko looks frightened!
The harpy skeleton is unaffected.
The hound looks frightened!
The orc looks frightened!
The harpy skeleton closely misses you (0).
The harpy skeleton claws you (6).
* * * LOW HITPOINT WARNING * * *
The harpy skeleton claws you (1).
* * * LOW HITPOINT WARNING * * *
The harpy skeleton claws you (8)!
You die...

......o.......#
.....)........#
......)l.......
..............#
.........$...#
.........)...#
.......Z.....#
h.)....@...).#
.))....)..)..#
####.........#
#.........#
#.........#
#....<....#
#.........#
###########


You could see a hound (fleeing), an orc (fleeing), a leopard gecko (fleeing) and
a harpy skeleton.

Vanquished Creatures
  Prince Ribbit (D:2)
  Edmund (D:2)
  6 slime creatures (D:2)
  3 crocodiles (D:2)
  An ogre (D:3)
  8 big kobolds
  A bullfrog (D:2)
  2 centaurs (D:2)
  2 jellies (D:2)
  An orc wizard (D:3)
  19 giant cockroaches
  5 adders (D:2)
  55 sewer rats
  11 cinder newts (D:2)
  4 worms (D:2)
  24 oozes (D:2)
  3 leopard geckos
  9 orcs (D:3)
  2 adder skeletons (D:2)
  9 bats
  2 cinder newt skeletons (D:2)
  11 goblins
  12 hobgoblins
  9 ball pythons
  A ball python skeleton (D:2)
  28 kobolds
  8 rats
  10 withered plants (D:2)
248 creatures vanquished.

Vanquished Creatures (others)
  3 giant cockroaches (D:2)
  2 sewer rats (D:2)
  A leopard gecko (D:2)
  3 ball pythons (D:2)
  11 kobolds (D:2)
  2 bats (D:2)
  2 bat skeletons (D:2)
  A goblin skeleton (D:2)
  A leopard gecko skeleton (D:2)
  A rat (D:2)
  3 giant blowflies (D:2)
  4 slimeheads (D:2)
  164 withered plants (D:2)
198 creatures vanquished.

Grand Total: 446 creatures vanquished

Notes
Turn   | Place    | Note
-------+----------+-------------------------------------------
     0 | D:1      | diana the Kobold Hunter began the quest for the Orb.
     0 | D:1      | Reached XP level 1. HP: 12/12 MP: 1/1
    22 | D:1      | Reached skill level 6 in Slings
    27 | D:1      | Reached XP level 2. HP: 18/18 MP: 2/2
   104 | D:1      | Reached skill level 1 in Short Blades
   223 | D:1      | Reached XP level 3. HP: 22/22 MP: 3/3
   258 | D:1      | Reached XP level 4. HP: 28/28 MP: 4/4
   496 | D:2      | Noticed a big kobold
   508 | D:2      | Reached skill level 7 in Slings
   676 | D:1      | Killed a big kobold
   676 | D:1      | Reached XP level 5. HP: 12/33 MP: 5/5
   941 | D:2      | Reached XP level 6. HP: 38/38 MP: 6/6
   988 | D:2      | Reached skill level 8 in Slings
  1396 | D:2      | Reached skill level 5 in Fighting
  1396 | D:2      | Reached XP level 7. HP: 44/44 MP: 7/7
  1691 | D:2      | Reached skill level 9 in Slings
  1823 | D:2      | Noticed Edmund
  1837 | D:2      | Killed Edmund
  1837 | D:2      | Reached XP level 8. HP: 51/51 MP: 8/8
  1983 | D:2      | Reached skill level 10 in Slings
  2020 | D:2      | Reached skill level 5 in Short Blades
  2180 | D:2      | Reached XP level 9. HP: 49/57 MP: 9/9
  2187 | D:2      | Reached skill level 11 in Slings
  2278 | D:2      | Noticed Prince Ribbit
  2876 | D:2      | Killed Prince Ribbit
  2932 | D:2      | Reached skill level 12 in Slings
  3003 | D:2      | Identified the ring of Umaoloji {*Tele Dex+5}
  3316 | D:2      | Noticed Purgy
  3463 | D:2      | Reached XP level 10. HP: 67/67 MP: 10/10
  3621 | D:2      | Reached skill level 10 in Fighting
  4449 | D:3      | HP: 2/68 [harpy skeleton (6)]
  4449 | D:3      | Mangled by a harpy skeleton

Levels and vault maps discovered:
D:1:      lemuel_arrival_hallway, layout_rooms, first_ration
D:2:      cheibrodos_greedy_goblins, layout_sewer, sewer_frog_spiral,
          minmay_misc_feat_iff, minmay_manual_mares, uniq_edmund, uniq_purgy
D:3:      layout_rooms, kennysheep_ying_yang, minivault_14, uniq_menkaure

Skill      XL: |  1  2  3  4  5  6  7  8  9 10 |
---------------+-------------------------------+-----
Slings         | 6 7 8 9 10 12 | 12.0
Short Blades   | 1 2 3 4 5 7 |  7.8
Fighting       | 3 4 5 6 7 9 10 | 10.5
Dodging        | |  2.4
Stealth        | |  1.3

Action                   |  1- 3 |  4- 6 |  7- 9 | 10-12 || total
-------------------------+-------+-------+-------+-------++-------
Melee: Short sword       |    10 |   103 |   220 |    33 ||   366
       Unarmed           |       |       |     7 |       ||     7
 Fire: Hunting sling     |    25 |    72 |   316 |    80 ||   493
  Use: Scroll            |       |       |     1 |     1 ||     2
 Stab: Sleeping          |       |     1 |     1 |       ||     2
  Eat: Chunk             |       |       |    13 |       ||    13
Armor: Leather armour    |     1 |     4 |    25 |       ||    30
Dodge: Dodged            |     9 |    85 |   216 |    15 ||   325
